MLB
SAN FRANCISCO GIANTS @ COLORADO ROCKIES
06/08/2023
 
TOP OF THE 1ST
San Francisco Giants batting - Pitching for Colorado Rockies : RHP Tyler Mahle
Pitching: RHP Tyler Mahle
Batting: RHB Myles Straw 0-0: Swinging Strike
0-1: Called Strike
0-2: Strikes out swinging
Batting: RHB Jose Altuve 0-0: Ball
1-0: Called Strike
1-1: Ball
2-1: DOUBLE (Line Drive, 7LS, EV 95.6 MPH)
Batting: LHB Brandon Crawford 0-0: Ball
1-0: Called Strike
1-1: Ball
Wild Pitch!
Jose Altuve to third
2-1: Called Strike
2-2: Ball
3-2: Base on Balls
Batting: RHB Manny Machado 0-0: Ball
1-0: Swinging Strike
1-1: Foul Ball, location: 3DF
1-2: Ball
2-2: Foul Ball, location: 2F
2-2: Grounds into double play, 6-4-3 (Groundball, 6, EV 105.6 MPH)
Top of the 1st over - 0 runs, 1 hit, 0 errors, 1 left on base; San Francisco 0 - Colorado 0
BOTTOM OF THE 1ST
Colorado Rockies batting - Pitching for San Francisco Giants : RHP Alex Cobb
Pitching: RHP Alex Cobb
Batting: LHB Michael Harris II 0-0: Ball
1-0: Ball
2-0: Foul Ball, location: 7LMF
2-1: Fly out, F7 (Line Drive, 7S, EV 86.3 MPH)
Batting: RHB Trea Turner 0-0: Ball
1-0: DOUBLE (Line Drive, 7LS, EV 108.1 MPH)
Batting: LHB Joey Gallo 0-0: Called Strike
Trea Turner steals 3rd base
0-1: Ground out 4-3 (Groundball, 34D, EV 88.8 MPH)
Trea Turner scores
Batting: LHB Rowdy Tellez 0-0: Ball
1-0: Ball
2-0: Foul Ball, location: 2F
2-1: Foul Ball, location: 2F
2-2: Foul Ball, location: 9LMF
2-2: Foul Ball, location: 2LF
2-2: Foul Ball, location: 9LMF
2-2: Strikes out looking
Bottom of the 1st over - 1 run, 1 hit, 0 errors, 0 left on base; San Francisco 0 - Colorado 1
TOP OF THE 2ND
San Francisco Giants batting - Pitching for Colorado Rockies : RHP Tyler Mahle
Batting: LHB Eric Hosmer 0-0: Ball
1-0: Ball
2-0: SINGLE (Line Drive, 6MD, EV 99.4 MPH)
Batting: LHB Cedric Mullins 0-0: Ball
1-0: Ground out 4-3 (Groundball, 4S, EV 68.8 MPH)
Eric Hosmer to second
Batting: LHB Rafael Ortega 0-0: TRIPLE (Line Drive, 78XD, EV 106.9 MPH)
Eric Hosmer scores
Batting: RHB Nick Ahmed 0-0: Ball
1-0: Swinging Strike
1-1: SINGLE (Line Drive, 56D, EV 106.9 MPH)
Rafael Ortega scores
Batting: SHB Yasmani Grandal 0-0: Ball
1-0: DOUBLE (Flyball, 8LXD, EV 105.6 MPH)
Nick Ahmed to third
Runner from 3rd tries for Home, SAFE, throw by CF to home
Batting: RHB Myles Straw 0-0: Called Strike
0-1: Ball
1-1: Swinging Strike
1-2: Strikes out swinging
Batting: RHB Jose Altuve 0-0: Foul Ball, location: 5F
0-1: Foul Ball, location: 5SF
0-2: Fly out, F9 (Line Drive, 9, EV 94.4 MPH)
Top of the 2nd over - 3 runs, 4 hits, 0 errors, 1 left on base; San Francisco 3 - Colorado 1
BOTTOM OF THE 2ND
Colorado Rockies batting - Pitching for San Francisco Giants : RHP Alex Cobb
Batting: LHB Ryan McMahon 0-0: Ball
1-0: Foul Ball, location: 7LMF
1-1: Foul Ball, location: 7LMF
1-2: SINGLE (Line Drive, 7S, EV 94.4 MPH)
Batting: RHB Justin Turner 0-0: Ball
1-0: Called Strike
1-1: Foul Ball, location: 2F
1-2: Fly out, F8 (Flyball, 8RD, EV 76.9 MPH)
Batting: SHB Cal Raleigh 0-0: Ball
1-0: Called Strike
1-1: Ball
2-1: 2-RUN HOME RUN (Flyball, 7D, EV 101.9 MPH), Distance : 381 ft
Batting: RHB Eugenio Suárez 0-0: Foul Ball, location: 2F
0-1: TRIPLE (Line Drive, 9LD, EV 102.5 MPH)
Batting: LHB Michael Siani 0-0: Ball
1-0: Ball
2-0: Ball
3-0: Called Strike
3-1: Foul Ball, location: 23F
3-2: SINGLE (Flyball, 3D, EV 91.3 MPH)
Eugenio Suárez scores
Batting: LHB Michael Harris II 0-0: TRIPLE (Flyball, 9LD, EV 101.9 MPH)
Michael Siani scores
Batting: RHB Trea Turner 0-0: Ground out 1-3 (Groundball, 13S, EV 68.1 MPH)
Batting: LHB Joey Gallo 0-0: Ball
1-0: Called Strike
1-1: Fly out, F9 (Line Drive, 9, EV 91.3 MPH)
Bottom of the 2nd over - 4 runs, 5 hits, 0 errors, 1 left on base; San Francisco 3 - Colorado 5
TOP OF THE 3RD
San Francisco Giants batting - Pitching for Colorado Rockies : RHP Tyler Mahle
Batting: LHB Brandon Crawford 0-0: Called Strike
0-1: Foul Ball, location: 5F
0-2: Strikes out swinging
Batting: RHB Manny Machado 0-0: SOLO HOME RUN (Flyball, 7LD, EV 95.0 MPH), Distance : 357 ft
Batting: LHB Eric Hosmer 0-0: Ball
1-0: SINGLE (Line Drive, 8LS, EV 87.5 MPH)
Batting: LHB Cedric Mullins 0-0: Ball
1-0: Ball
2-0: Called Strike
2-1: Ball
3-1: SINGLE (Groundball, 4MD, EV 99.4 MPH)
Eric Hosmer to second
Batting: LHB Rafael Ortega 0-0: DOUBLE (Line Drive, 7LS, EV 109.4 MPH)
Eric Hosmer scores
Cedric Mullins to third
Runner from 3rd tries for Home, SAFE, throw by LF to home
Batting: RHB Nick Ahmed 0-0: DOUBLE (Line Drive, 78M, EV 93.8 MPH)
Rafael Ortega scores
Batting: SHB Yasmani Grandal 0-0: Ball
1-0: Ball
2-0: Foul Ball, location: 3F
2-1: Foul Ball, location: 2F
2-2: Foul Ball, location: 23F
2-2: Foul Ball, location: 2F
2-2: DOUBLE (Groundball, 3L, EV 97.5 MPH)
Nick Ahmed scores
Pitching: RHP Zack Greinke
Batting: RHB Myles Straw 0-0: Called Strike
0-1: Foul Ball, location: 2F
0-2: Ball
1-2: Foul Ball, location: 9LSF
1-2: Ball
2-2: Foul Ball, location: 2F
2-2: Foul Ball, location: 9LDF
2-2: Ground out 5-3 (Groundball, 56, EV 81.9 MPH)
Batting: RHB Jose Altuve 0-0: Ball
1-0: Ball
2-0: Fly out, F5 (Line Drive, 5, EV 74.4 MPH)
Top of the 3rd over - 5 runs, 6 hits, 0 errors, 1 left on base; San Francisco 8 - Colorado 5
BOTTOM OF THE 3RD
Colorado Rockies batting - Pitching for San Francisco Giants : RHP Alex Cobb
Batting: LHB Rowdy Tellez 0-0: Ball
1-0: Foul Ball, location: 3F
1-1: Ground out 6-3 (Groundball, 4MD, EV 98.1 MPH)
Batting: LHB Ryan McMahon 0-0: Swinging Strike
0-1: Swinging Strike
0-2: Ball
1-2: Fly out, F6 (Popup, 6D, EV 51.3 MPH)
Batting: RHB Justin Turner 0-0: Called Strike
0-1: Ball
1-1: Called Strike
1-2: Foul Ball, location: 9LSF
1-2: Foul Ball, location: 3F
1-2: Fly out, F3 (Popup, 3SF, EV 81.3 MPH)
Bottom of the 3rd over - 0 runs, 0 hits, 0 errors, 0 left on base; San Francisco 8 - Colorado 5
TOP OF THE 4TH
San Francisco Giants batting - Pitching for Colorado Rockies : RHP Zack Greinke
Batting: LHB Brandon Crawford 0-0: Ball
1-0: Called Strike
1-1: Ground out 5-3 (Groundball, 5, EV 84.4 MPH)
Batting: RHB Manny Machado 0-0: Called Strike
0-1: Foul Ball, location: 9LMF
0-2: Fly out, F7 (Line Drive, 78D, EV 80.0 MPH)
Batting: LHB Eric Hosmer 0-0: Ball
1-0: Ball
2-0: Foul Ball, location: 2F
2-1: Foul Ball, location: 2F
2-2: Ball
3-2: Ground out 6-3 (Groundball, 6, EV 86.3 MPH)
Top of the 4th over - 0 runs, 0 hits, 0 errors, 0 left on base; San Francisco 8 - Colorado 5
BOTTOM OF THE 4TH
Colorado Rockies batting - Pitching for San Francisco Giants : RHP Alex Cobb
Batting: SHB Cal Raleigh 0-0: Called Strike
0-1: Ball
1-1: Ball
2-1: Ball
3-1: Fly out, F7 (Flyball, 78D, EV 96.9 MPH)
Batting: RHB Eugenio Suárez 0-0: Called Strike
0-1: Called Strike
0-2: Strikes out swinging
Batting: LHB Michael Siani 0-0: Ball
1-0: SINGLE (Line Drive, 78S, EV 98.1 MPH)
Pitching: RHP Anthony DeSclafani
Batting: LHB Michael Harris II 0-0: Ball
1-0: Called Strike
1-1: Ball
2-1: Foul Ball, location: 2F
2-2: Strikes out swinging
Bottom of the 4th over - 0 runs, 1 hit, 0 errors, 1 left on base; San Francisco 8 - Colorado 5
TOP OF THE 5TH
San Francisco Giants batting - Pitching for Colorado Rockies : RHP Zack Greinke
Batting: LHB Cedric Mullins 0-0: Called Strike
0-1: Foul Ball, location: 2F
0-2: Ball
1-2: Strikes out swinging
Batting: LHB Rafael Ortega 0-0: Ball
1-0: Foul Ball, location: 7LDF
1-1: Ball
2-1: Foul Ball, location: 3F
2-2: Ball
3-2: Foul Ball, location: 2LF
3-2: Base on Balls
Batting: RHB Nick Ahmed 0-0: Called Strike
0-1: Swinging Strike
0-2: Ball
1-2: Fly out, F4 (Line Drive, 4, EV 73.1 MPH)
Batting: SHB Yasmani Grandal 0-0: Called Strike
Rafael Ortega steals 2nd base
0-1: Ball
1-1: 2-RUN HOME RUN (Flyball, 89XD, EV 105.6 MPH), Distance : 413 ft
Batting: RHB Myles Straw 0-0: Foul Ball, location: 23F
0-1: Ball
1-1: Ground out 5-3 (Groundball, 56S, EV 90.0 MPH)
Top of the 5th over - 2 runs, 1 hit, 0 errors, 0 left on base; San Francisco 10 - Colorado 5
BOTTOM OF THE 5TH
Colorado Rockies batting - Pitching for San Francisco Giants : RHP Anthony DeSclafani
Batting: RHB Trea Turner 0-0: Ground out 1-3 (Groundball, 15S, EV 71.9 MPH)
Batting: LHB Joey Gallo 0-0: SINGLE (Groundball, 34D, EV 95.6 MPH)
Batting: LHB Rowdy Tellez 0-0: Called Strike
0-1: Ball
1-1: Called Strike
1-2: Strikes out swinging
Batting: LHB Ryan McMahon 0-0: Fly out, F8 (Flyball, 8RD, EV 92.5 MPH)
Bottom of the 5th over - 0 runs, 1 hit, 0 errors, 1 left on base; San Francisco 10 - Colorado 5
TOP OF THE 6TH
San Francisco Giants batting - Pitching for Colorado Rockies : RHP Zack Greinke
Pitching: RHP Chris Flexen
Batting: RHB Jose Altuve 0-0: SINGLE (Line Drive, 6D, EV 103.1 MPH)
Batting: LHB Brandon Crawford 0-0: Ball
1-0: Foul Ball, location: 2F
1-1: Ball
2-1: Foul Ball, location: 9LSF
2-2: Foul Ball, location: 9LSF
2-2: Ball
3-2: Fly out, F8 (Flyball, 8LD, EV 96.9 MPH)
Batting: RHB Manny Machado 0-0: Ball
1-0: Fly out, F7 (Flyball, 7S, EV 99.4 MPH)
Batting: LHB Eric Hosmer 0-0: Called Strike
0-1: Foul Ball, location: 2RF
0-2: Strikes out swinging
Top of the 6th over - 0 runs, 1 hit, 0 errors, 1 left on base; San Francisco 10 - Colorado 5
BOTTOM OF THE 6TH
Colorado Rockies batting - Pitching for San Francisco Giants : RHP Anthony DeSclafani
Batting: RHB Justin Turner 0-0: Called Strike
0-1: Ball
1-1: Ball
2-1: Swinging Strike
2-2: Fly out, F8 (Line Drive, 8LM, EV 92.5 MPH)
Batting: SHB Cal Raleigh 0-0: Swinging Strike
0-1: Foul Ball, location: 3F
0-2: Strikes out swinging
Batting: RHB Eugenio Suárez 0-0: Ball
1-0: Swinging Strike
1-1: Called Strike
1-2: Ball
2-2: Ball
3-2: Strikes out looking
Bottom of the 6th over - 0 runs, 0 hits, 0 errors, 0 left on base; San Francisco 10 - Colorado 5
TOP OF THE 7TH
San Francisco Giants batting - Pitching for Colorado Rockies : RHP Chris Flexen
Batting: LHB Cedric Mullins 0-0: Ball
1-0: Ball
2-0: Foul Ball, location: 9LDF
2-1: Ground out 4-3 (Groundball, 34D, EV 101.3 MPH)
Batting: LHB Rafael Ortega 0-0: Called Strike
0-1: Ball
1-1: Foul Ball, location: 2F
1-2: Strikes out swinging
Batting: RHB Nick Ahmed 0-0: Foul Ball, location: 7LMF
0-1: Swinging Strike
0-2: Strikes out looking
Top of the 7th over - 0 runs, 0 hits, 0 errors, 0 left on base; San Francisco 10 - Colorado 5
BOTTOM OF THE 7TH
Colorado Rockies batting - Pitching for San Francisco Giants : RHP Anthony DeSclafani
Batting: LHB Michael Siani 0-0: Foul Ball, location: 7LMF
0-1: Ball
1-1: Ball
2-1: Ball
3-1: Foul Ball, location: 23F
3-2: Foul Ball, location: 23F
3-2: SINGLE (Line Drive, 89S, EV 101.9 MPH)
Pitching: RHP Luis Garcia
Batting: LHB Michael Harris II 0-0: Ball
1-0: Swinging Strike
1-1: TRIPLE (Line Drive, 9LD, EV 104.4 MPH)
Michael Siani scores
Batting: RHB Trea Turner 0-0: Called Strike
0-1: Foul Ball, location: 2F
0-2: Ball
1-2: Ball
2-2: Strikes out swinging
Batting: LHB Joey Gallo 0-0: Swinging Strike
0-1: Foul Ball, location: 7LMF
0-2: Ball
1-2: Strikes out swinging
Pitching: LHP Gregory Soto
Batting: LHB Rowdy Tellez 0-0: Called Strike
0-1: Ball
1-1: Fly out, F9 (Flyball, 89S, EV 83.8 MPH)
Bottom of the 7th over - 1 run, 2 hits, 0 errors, 1 left on base; San Francisco 10 - Colorado 6
TOP OF THE 8TH
San Francisco Giants batting - Pitching for Colorado Rockies : RHP Chris Flexen
Batting: SHB Yasmani Grandal 0-0: Called Strike
0-1: Ball
1-1: Ball
2-1: Foul Ball, location: 3F
2-2: Foul Ball, location: 25F
2-2: Strikes out looking
Batting: RHB Myles Straw 0-0: Foul Ball, location: 5F
0-1: Foul Ball, location: 2F
0-2: Ground out 6-3 (Groundball, 6, EV 86.3 MPH)
Batting: RHB Jose Altuve 0-0: Called Strike
0-1: Foul Ball, location: 2F
0-2: Strikes out swinging
Top of the 8th over - 0 runs, 0 hits, 0 errors, 0 left on base; San Francisco 10 - Colorado 6
BOTTOM OF THE 8TH
Colorado Rockies batting - Pitching for San Francisco Giants : LHP Gregory Soto
Batting: LHB Ryan McMahon 0-0: Swinging Strike
0-1: Foul Ball, location: 2F
0-2: Strikes out swinging
Pitching: RHP Mark Melancon
Batting: RHB Justin Turner 0-0: Called Strike
0-1: Ball
1-1: Ground out 4-3 (Groundball, 4, EV 85.0 MPH)
Batting: SHB Cal Raleigh 0-0: Swinging Strike
0-1: Ball
1-1: DOUBLE (Line Drive, 89D, EV 97.5 MPH)
Batting: RHB Eugenio Suárez 0-0: Ball
1-0: Foul Ball, location: 2F
1-1: Fly out, F8 (Flyball, 8LXD, EV 108.1 MPH)
Bottom of the 8th over - 0 runs, 1 hit, 0 errors, 1 left on base; San Francisco 10 - Colorado 6
TOP OF THE 9TH
San Francisco Giants batting - Pitching for Colorado Rockies : RHP Chris Flexen
Pitching: RHP Seranthony Dominguez
Batting: LHB Brandon Crawford 0-0: Ball
1-0: Ball
2-0: Ball
3-0: Base on Balls
Batting: RHB Manny Machado 0-0: Foul Ball, location: 5F
0-1: Ball
1-1: Ball
2-1: SINGLE (Groundball, 56S, EV 66.9 MPH) (infield hit)
Brandon Crawford to second
Batting: LHB Eric Hosmer 0-0: Ball
1-0: Foul Ball, location: 5DF
1-1: Foul Ball, location: 2F
1-2: Ball
2-2: Foul Ball, location: 7LMF
2-2: Foul Ball, location: 3F
2-2: Strikes out looking
Batting: LHB Cedric Mullins 0-0: Ball
1-0: Foul Ball, location: 23F
1-1: DOUBLE (Flyball, 89D, EV 111.9 MPH)
Brandon Crawford scores
Manny Machado to third
Pitching: LHP A.J. Puk
Batting: LHB Rafael Ortega 0-0: Ball
1-0: Foul Ball, location: 7LSF
1-1: Foul Ball, location: 7LDF
1-2: Foul Ball, location: 2F
1-2: Ball
2-2: Strikes out swinging
Batting: RHB Nick Ahmed 0-0: Called Strike
0-1: Ball
1-1: Swinging Strike
1-2: DOUBLE (Line Drive, 3D, EV 98.1 MPH)
Manny Machado scores
Cedric Mullins scores
Batting: SHB Yasmani Grandal 0-0: Called Strike
0-1: Ground out 6-3 (Groundball, 6S, EV 84.4 MPH)
Top of the 9th over - 3 runs, 3 hits, 0 errors, 1 left on base; San Francisco 13 - Colorado 6
BOTTOM OF THE 9TH
Colorado Rockies batting - Pitching for San Francisco Giants : RHP Mark Melancon
Batting: LHB Michael Siani 0-0: Ball
1-0: Called Strike
1-1: Called Strike
1-2: Ball
2-2: Ball
3-2: Ground out 1-6-3 (Groundball, 15S, EV 98.8 MPH)
Pitching: RHP Nabil Crismatt
Batting: LHB Michael Harris II 0-0: Called Strike
0-1: Swinging Strike
0-2: Foul Ball, location: 9LDF
0-2: Ball
1-2: Strikes out swinging
Batting: RHB Trea Turner 0-0: Fly out, F8 (Flyball, 78D, EV 111.3 MPH)
Bottom of the 9th over - 0 runs, 0 hits, 0 errors, 0 left on base; San Francisco 13 - Colorado 6
Monday, June 26th , 2023 - OOTP Baseball 24.5 Build 64